 Dungeon Crawl Stone Soup version 0.21.1-1-g345015f (webtiles) character file.

137 Flooderbenga the Grave Robber (level 5, -7/37 HPs)
             Began as a Gnoll Necromancer on Apr 6, 2018.
             Shot with an arrow by a centaur (14 damage)
             ... on level 6 of the Dungeon.
             The game lasted 00:24:24 (526 turns).

Flooderbenga the Grave Robber (Gnoll Necromancer)    Turns: 526, Time: 00:24:24

Health: -7/37      AC:  2    Str: 11    XL:     5   Next: 20%
Magic:  5/12       EV: 15    Int: 22    God:
Gold:   62         SH:  0    Dex: 15    Spells: 6/14 levels left

rFire    . . .     SeeInvis .   f - +0 dagger
rCold    + . .     Gourm    .   (no shield)
rNeg     . . .     Faith    .   a - +0 robe
rPois    .         Spirit   .   (no helmet)
rElec    .         Reflect  .   (no cloak)
rCorr    .         Harm     .   (no gloves)
MR       .....                  (no boots)
Stlth    +++.......             (no amulet)
HPRegen  0.12/turn              e - +4 ring of intelligence
MPRegen  0.13/turn              k - ring of protection from cold

@: no status effects
A: distributed training, fangs 1, strong nose
a: no special abilities


You were on level 6 of the Dungeon.
You were not hungry.

You visited 1 branch of the dungeon, and saw 7 of its levels.

You collected 62 gold pieces.

Inventory:

Hand Weapons
 f - a +0 dagger (weapon)
 l - a cursed -3 hunting sling
 m - a +0 mace of venom
Missiles
 h - a throwing net (quivered) {!f}
 i - 25 stones
Armour
 a - a +0 robe (worn)
Jewellery
 e - a +4 ring of intelligence (left hand)
 k - a ring of protection from cold (right hand)
Scrolls
 n - a scroll of immolation {unknown}
Potions
 d - a potion of might {@q4}
 g - a potion of heal wounds {@q2}
 j - a potion of ambrosia {unknown}
 o - a potion of agility {unknown}
 q - 3 potions of curing {@q1}
Books
 b - a book of Necromancy

   Spells                             Type                      Level
   a - Pain                           Necromancy                   1
   b - Animate Skeleton               Necromancy                   1
   c - Vampiric Draining              Necromancy                   3
   d - Regeneration                   Charms/Necromancy            3
   e - Animate Dead                   Necromancy                   4
   f - Borgnjor's Vile Clutch         Necromancy/Earth             5
Comestibles
 c - 3 rations


   Skills:
 + Level 1.3 Fighting
 + Level 1.3 Short Blades
 + Level 1.3 Long Blades
 + Level 1.3 Axes
 + Level 1.3 Maces & Flails
 + Level 1.3 Polearms
 + Level 1.3 Staves
 + Level 1.3 Slings
 + Level 1.3 Bows
 + Level 1.3 Crossbows
 + Level 1.3 Throwing
 + Level 1.3 Armour
 + Level 4.7 Dodging
 + Level 4.3 Stealth
 + Level 1.3 Shields
 + Level 1.3 Unarmed Combat
 + Level 5.1 Spellcasting
 + Level 1.1 Conjurations
 + Level 1.1 Hexes
 + Level 1.1 Charms
 + Level 1.1 Summonings
 + Level 7.1 Necromancy
 + Level 1.1 Translocations
 + Level 1.1 Transmutations
 + Level 1.1 Fire Magic
 + Level 1.1 Ice Magic
 + Level 1.1 Air Magic
 + Level 1.1 Earth Magic
 + Level 1.1 Poison Magic
 + Level 1.5 Invocations
 + Level 1.3 Evocations


You had 6 spell levels left.
You knew the following spells:

 Your Spells              Type           Power        Failure   Level  Hunger
a - Pain                  Necr           ####         1%          1    None
r - Regeneration          Chrm/Necr      ###.......   5%          3    ##.....
z - Animate Skeleton      Necr           N/A          1%          1    None
A - Apportation           Tloc           ##....       6%          1    None
C - Confusing Touch       Hex            ##....       6%          1    None
S - Summon Small Mammal   Summ           ##..         6%          1    None


Dungeon Overview and Level Annotations

Branches:
Dungeon (7/15)
 Temple: D:4-7

Altars:
Kikubaaqudgha

Shops:
D:4 %

Annotations:
D:4 Duvessa


Innate Abilities, Weirdness & Mutations

Your experience applies equally to all skills.
You have very sharp teeth.
Your uncanny sense of smell can sniff out nearby items.


Message History

You see here a ring mail.
There is an open door here.
You see here 3 chunks of flesh.
There is an open door here.
There is a stone staircase leading down here.
You climb downwards.
You hear the hiss of flowing sand.
There is an entrance to an ossuary on this level.
Hurry and find it before the portal is buried!
You hear the hiss of a distant avalanche of sand.
A worker ant, 3 orcs and a centaur come into view.
Found 20 gold pieces, 16 stones and a pair of boots.
There is a stone staircase leading up here.
Unknown command.
Unknown command.
Okay, then.
Unknown command.
Unknown command.
The orc shouts!
The centaur shouts!
The centaur wields a shortbow.
The centaur shoots an arrow.
The arrow hits you!
You die...

#. .## .. ....
#. #c..#
#.###.....
#.........
##....[....
#$##.....a...#
#.....@.....#
####........#
##.o.(.....
#o..o...##
....#.###
######.# #


You could see a centaur, a worker ant (wandering) and 3 orcs.

Vanquished Creatures
  Dowan (D:4)
  A worker ant (D:2)
  2 gnolls (D:5)
  A dart slug (D:2)
  A leopard gecko (D:2)
  7 orcs
  A giant cockroach (D:3)
  4 goblins
  8 hobgoblins
  4 jackals (D:5)
  4 kobolds
  A rat (D:2)
35 creatures vanquished.

Notes
Turn   | Place    | Note
-------+----------+-------------------------------------------
     0 | D:1      | Flooderbenga the Gnoll Necromancer began the quest for the Orb.
     0 | D:1      | Reached XP level 1. HP: 13/13 MP: 6/6
     6 | D:1      | You fall through a shaft!
    27 | D:2      | Noticed a worker ant
    34 | D:2      | Killed a worker ant
    34 | D:2      | Reached skill level 5 in Spellcasting
    34 | D:2      | Reached XP level 2. HP: 15/20 MP: 4/8
    34 | D:2      | Reached XP level 3. HP: 19/25 MP: 4/9
   129 | D:4      | Noticed Dowan
   137 | D:4      | Killed Dowan
   137 | D:4      | Reached skill level 1 in Fighting
   137 | D:4      | Reached skill level 1 in Short Blades
   137 | D:4      | Reached skill level 1 in Long Blades
   137 | D:4      | Reached skill level 1 in Axes
   137 | D:4      | Reached skill level 1 in Maces & Flails
   137 | D:4      | Reached skill level 1 in Polearms
   137 | D:4      | Reached skill level 1 in Staves
   137 | D:4      | Reached skill level 1 in Slings
   137 | D:4      | Reached skill level 1 in Bows
   137 | D:4      | Reached skill level 1 in Crossbows
   137 | D:4      | Reached skill level 1 in Throwing
   137 | D:4      | Reached skill level 1 in Armour
   137 | D:4      | Reached skill level 1 in Shields
   137 | D:4      | Reached skill level 1 in Unarmed Combat
   137 | D:4      | Reached skill level 1 in Invocations
   137 | D:4      | Reached skill level 1 in Evocations
   137 | D:4      | Reached XP level 4. HP: 9/32 MP: 0/11
   138 | D:4      | Noticed Duvessa
   164 | D:3      | Found an ancient bone altar of Kikubaaqudgha.
   179 | D:3      | Learned a level 3 spell: Regeneration
   220 | D:4      | Found Myhettyu's Food Shoppe.
   270 | D:5      | Entered Level 5 of the Dungeon
   318 | D:6      | Learned a level 1 spell: Apportation
   320 | D:6      | Learned a level 1 spell: Summon Small Mammal
   322 | D:6      | Learned a level 1 spell: Confusing Touch
   343 | D:7      | Noticed a centaur
   361 | D:5      | Reached skill level 1 in Conjurations
   361 | D:5      | Reached skill level 1 in Hexes
   361 | D:5      | Reached skill level 1 in Charms
   361 | D:5      | Reached skill level 1 in Summonings
   361 | D:5      | Reached skill level 1 in Translocations
   361 | D:5      | Reached skill level 1 in Transmutations
   361 | D:5      | Reached skill level 1 in Fire Magic
   361 | D:5      | Reached skill level 1 in Ice Magic
   361 | D:5      | Reached skill level 1 in Air Magic
   361 | D:5      | Reached skill level 1 in Earth Magic
   361 | D:5      | Reached skill level 1 in Poison Magic
   384 | D:5      | Learned a level 1 spell: Animate Skeleton
   414 | D:5      | Reached XP level 5. HP: 28/37 MP: 5/12
   525 | D:6      | Noticed a centaur
   526 | D:6      | Shot with an arrow by a centaur

Skill      XL: |  1  2  3  4 |
---------------+-------------+-----
Spellcasting   | 5 |  5.1
Fighting       | 1 |  1.3
Short Blades   | 1 |  1.3
Long Blades    | 1 |  1.3
Axes           | 1 |  1.3
Maces & Flails | 1 |  1.3
Polearms       | 1 |  1.3
Staves         | 1 |  1.3
Slings         | 1 |  1.3
Bows           | 1 |  1.3
Crossbows      | 1 |  1.3
Throwing       | 1 |  1.3
Armour         | 1 |  1.3
Shields        | 1 |  1.3
Unarmed Combat | 1 |  1.3
Invocations    | 1 |  1.5
Evocations     | 1 |  1.3
Conjurations   | 1 |  1.1
Hexes          | 1 |  1.1
Charms         | 1 |  1.1
Summonings     | 1 |  1.1
Translocations | 1 |  1.1
Transmutations | 1 |  1.1
Fire Magic     | 1 |  1.1
Ice Magic      | 1 |  1.1
Air Magic      | 1 |  1.1
Earth Magic    | 1 |  1.1
Poison Magic   | 1 |  1.1
Dodging        | |  4.7
Stealth        | |  4.3
Necromancy     | |  7.1

Action                   |  1- 3 |  4- 6 || total
-------------------------+-------+-------++-------
Melee: Dagger            |       |    10 ||    10
       Bite              |       |     2 ||     2
 Cast: Pain              |    19 |    34 ||    53
       Animate Skeleton  |       |     2 ||     2
  Use: Scroll            |       |     3 ||     3
       Potion            |       |     1 ||     1
 Stab: Sleeping          |       |     6 ||     6
Dodge: Dodged            |       |    11 ||    11
